 Dungeon Crawl Stone Soup version 0.30.1-6-gbe392663c4 (console) character file.

Game seed: 5295521304708165787

14605308 chujev the Conqueror (level 27, 199/199 HPs)
             Began as a Gargoyle Monk on Sept 18, 2023.
             Was the Champion of the Shining One.
             Escaped with the Orb
             ... and 15 runes on Sept 20, 2023!
             The game lasted 09:09:56 (108006 turns).

chujev the Conqueror (Gargoyle Monk)              Turns: 108006, Time: 09:09:57

Health: 199/199    AC: 65    Str: 28    XL:     27
Magic:  44/44      EV: 21    Int: 12    God:    the Shining One [******]
Gold:   8250       SH: 33    Dex: 15    Spells: 26/26 levels left

rFire   + + .        a - +9 sacred scourge (holy)
rCold   + + +        W - +8 tower shield {AC+3}
rNeg    + + +        j - +13 plate armour "Lalousm" {Will+ Slay+2}
rPois   ∞            (helmet restricted)
rElec   +            H - scarf {rC+ rF+}
rCorr   +            s - +2 pair of gloves of Ximeixeha {rF- rC++ Regen+ rCorr}
SInv    +            S - +0 pair of boots "Becetush" {Will++}
Will    +++++        Z - amulet "Fozod" {Faith rF+ Dex+3 Stlth-} Stlth
                     F - +5 ring of evasion
HPRegen 1.33/turn    P - ring "Toxuank" {rF+ rC+ SInv}
MPRegen 0.29/turn

%: faith
@: flying, glowing
A: sickness immunity, AC +20, big wings, negative energy resistance 1,
electricity resistance, torment resistance 1, petrification resistance, hooves
2, horns 1, high MP 1
0: Orb of Zot
}: 15/15 runes: decaying, serpentine, slimy, silver, golden, iron, obsidian,
icy, bone, abyssal, demonic, glowing, magical, fiery, dark
a: Renounce Religion, Divine Shield, Cleansing Flame, Summon Divine Warrior


You escaped.
You worshipped the Shining One.
The Shining One was exalted by your worship.
You visited 18 branches of the dungeon, and saw 88 of its levels.
You visited Pandemonium 1 time, and saw 16 of its levels.
You visited the Abyss 10 times.
You also visited: Gauntlet.

You collected 15129 gold pieces.
You spent 6289 gold pieces at shops.
You donated 590 gold pieces to Zin.

Inventory:

Hand Weapons
 a - a +9 sacred scourge of holy wrath (weapon)
 b - the +8 mithril axe "Arga" {speed, Will+}
   (You took it off a deep elf archer on level 2 of the Elven Halls)

   Will:      It increases your willpower.
 c - a +10 antimagic club
Missiles
 o - 12 silver javelins (quivered)
 x - 3 throwing nets
 A - 8 boomerangs
 C - 4 silver boomerangs
 M - 12 javelins
Armour
 j - the +13 plate armour "Lalousm" (worn) {Will+ Slay+2}
   (You took it off a vault guard on level 5 of the Vaults)

   Slay:      It affects your accuracy & damage with ranged weapons and melee
   (+2).
   Will:      It increases your willpower.
 s - the +2 pair of gloves of Ximeixeha (worn) {rF- rC++ Regen+ rCorr}
   (You bought it in a shop on level 2 of the Orcish Mines)

   rF:        It makes you vulnerable to fire.
   rC:        It greatly protects you from cold.
   Regen:     It increases your rate of health regeneration.
   rCorr:     It protects you from acid and corrosion.
 D - a +2 helmet
 H - a scarf of resistance (worn)
 N - the +0 pair of gloves of Space {rC+ Str+2 Int+3 Slay+3}
   (You bought it in a shop on level 8 of the Dungeon)

   Str:       It affects your strength (+2).
   Int:       It affects your intelligence (+3).
   Slay:      It affects your accuracy & damage with ranged weapons and melee
   (+3).
   rC:        It protects you from cold.
 S - the +0 pair of boots "Becetush" (worn) {Will++}
   (You found it in a Gauntlet)

   Will:      It greatly increases your willpower.
 W - a +8 tower shield of protection (worn)
Jewellery
 v - a +6 ring of dexterity
 w - a +6 ring of intelligence
 F - a +5 ring of evasion (left hand)
 O - a ring of willpower
 P - the ring "Toxuank" (right hand) {rF+ rC+ SInv}
   (You found it on level 5 of the Pits of Slime)

   [ring of see invisible]

   rF:        It protects you from fire.
   rC:        It protects you from cold.
   SInv:      It lets you see invisible.
 R - a ring of protection from fire
 V - a ring of resist corrosion
 X - an amulet of regeneration
 Z - the amulet "Fozod" (around neck) {Faith rF+ Dex+3 Stlth-}
   (You found it in a Gauntlet)

   [amulet of faith]

   It allows you to gain divine favour quickly.
   Dex:       It affects your dexterity (+3).
   rF:        It protects you from fire.
   Stlth:     It makes you less stealthy.
Wands
 y - a wand of quicksilver (6)
 J - a wand of digging (62)
Scrolls
 e - 3 scrolls of enchant weapon
 f - 16 scrolls of fog
 g - 17 scrolls of teleportation
 i - 4 scrolls of summoning
 l - 7 scrolls of fear
 n - 6 scrolls of immolation
 p - 6 scrolls of silence
 E - 6 scrolls of magic mapping
 G - 5 scrolls of enchant armour
 I - 8 scrolls of blinking
 T - a scroll of brand weapon
Potions
 h - 4 potions of might
 m - 3 potions of ambrosia
 r - 2 potions of invisibility
 t - 2 potions of magic
 z - 8 potions of cancellation
 B - 7 potions of heal wounds
 L - 15 potions of curing
 Q - 5 potions of resistance
 Y - 6 potions of attraction
Miscellaneous
 d - a figurine of a ziggurat
 k - a phantom mirror
 q - a tin of tremorstones (2/2)
 u - a phial of floods
 U - a lightning rod (4/4)


   Skills:
 O Level 27 Fighting
 - Level 14.1(21.1) Axes
 O Level 27 Maces & Flails
 + Level 23.4 Throwing
 O Level 27 Armour
 * Level 15.1 Dodging
 O Level 27 Shields
 O Level 27 Invocations
 + Level 14.4 Evocations


You had 26 spell levels left.
You didn't know any spells.
Your spell library contained the following spells:

 Spells                   Type           Power      Damage    Failure   Level
 Apportation              Tloc           0%         N/A       67%         1
 Beastly Appendage        Tmut           0%         N/A       67%         1
 Freeze                   Ice            0%         1d3       67%         1
 Magic Dart               Conj           0%         1d3       67%         1
 Sandblast                Erth           0%         2d4       67%         1
 Shock                    Conj/Air       0%         1d3       67%         1
 Slow                     Hex            0%         N/A       67%         1
 Sting                    Tmut/Pois      0%         1d3       67%         1
 Summon Small Mammal      Summ           0%         N/A       67%         1
 Blink                    Tloc           0%         N/A       82%         2
 Call Imp                 Summ           0%         N/A       82%         2
 Ensorcelled Hibernation  Hex/Ice        0%         N/A       82%         2
 Lesser Beckoning         Tloc           0%         N/A       82%         2
 Momentum Strike          Conj/Tloc      0%         3d8       82%         2
 Passwall                 Tmut/Erth      0%         N/A       82%         2
 Poisonous Vapours        Pois/Air       0%         N/A       82%         2
 Static Discharge         Conj/Air       0%         2-2/arc   82%         2
 Wereblood                Tmut           0%         N/A       82%         2
 Call Canine Familiar     Summ           0%         N/A       96%         3
 Confusing Touch          Hex            0%         N/A       96%         3
 Dazzling Flash           Conj/Hex       0%         N/A       96%         3
 Frozen Ramparts          Ice            0%         1d1       96%         3
 Gell's Gravitas          Tloc           0%         N/A       96%         3
 Hailstorm                Conj/Ice       0%         3d3       96%         3
 Ignite Poison            Fire/Tmut/Pois 0%         N/A       96%         3
 Inner Flame              Hex/Fire       0%         N/A       96%         3
 Mephitic Cloud           Conj/Pois/Air  0%         N/A       96%         3
 Ozocubu's Armour         Ice            0%         N/A       96%         3
 Portal Projectile        Hex/Tloc       0%         N/A       96%         3
 Spider Form              Tmut/Pois      0%         N/A       96%         3
 Stone Arrow              Conj/Erth      0%         3d7       96%         3
 Summon Guardian Golem    Hex/Summ       0%         N/A       96%         3
 Swiftness                Air            0%         N/A       96%         3
 Teleport Other           Tloc           0%         N/A       96%         3
 Vampiric Draining        Necr           0%         2d6       96%         3
 Vhi's Electric Charge    Tloc/Air       0%         N/A       96%         3
 Volatile Blastmotes      Fire/Tloc      0%         2d10      96%         3
 Airstrike                Air            0%         2d(0-16)  100%        4
 Anguish                  Hex/Necr       0%         N/A       100%        4
 Animate Armour           Summ/Erth      0%         N/A       100%        4
 Cause Fear               Hex            0%         N/A       100%        4
 Flame Wave               Conj/Fire      0%         2d4       100%        4
 Fulminant Prism          Conj/Hex       0%         3d5       100%        4
 Ice Form                 Ice/Tmut       0%         N/A       100%        4
 Iskenderun's Mystic Bla  Conj/Tloc      0%         2d3       100%        4
 Leda's Liquefaction      Hex/Erth       0%         N/A       100%        4
 Manifold Assault         Tloc           0%         N/A       100%        4
 Olgreb's Toxic Radiance  Pois           0%         N/A       100%        4
 Passage of Golubria      Tloc           0%         N/A       100%        4
 Petrify                  Tmut/Erth      0%         N/A       100%        4
 Sticky Flame             Conj/Fire      0%         2d3       100%        4
 Summon Ice Beast         Ice/Summ       0%         N/A       100%        4
 Summon Lightning Spire   Summ/Air       0%         N/A       100%        4
 Alistair's Intoxication  Tmut/Pois      0%         N/A       100%        5
 Arcjolt                  Conj/Air       0%         1d10      100%        5
 Blade Hands              Tmut           0%         N/A       100%        5
 Freezing Cloud           Conj/Ice/Air   0%         6-21      100%        5
 Irradiate                Conj/Tmut      0%         3d11      100%        5
 Iskenderun's Battlesphe  Conj           0%         2d6       100%        5
 Metabolic Englaciation   Hex/Ice        0%         N/A       100%        5
 Silence                  Hex/Air        0%         N/A       100%        5
 Summon Forest            Summ/Tloc      0%         N/A       100%        5
 Summon Mana Viper        Hex/Summ       0%         N/A       100%        5
 Conjure Ball Lightning   Conj/Air       0%         3x3d6     100%        6
 Dispersal                Tloc           0%         N/A       100%        6
 Eringya's Noxious Bog    Tmut/Pois      0%         N/A       100%        6
 Iron Shot                Conj/Erth      0%         9d1       100%        6
 Simulacrum               Ice/Necr       0%         N/A       100%        6
 Starburst                Conj/Fire      0%         6d3       100%        6
 Summon Cactus Giant      Summ           0%         N/A       100%        6
 Dragon Form              Tmut           0%         N/A       100%        7
 Enfeeble                 Hex            0%         N/A       100%        7
 Haunt                    Necr/Summ      0%         N/A       100%        7
 Monstrous Menagerie      Summ           0%         N/A       100%        7
 Orb of Destruction       Conj           0%         9d5       100%        7
 Ozocubu's Refrigeration  Ice            0%         4d7       100%        7
 Spellforged Servitor     Conj/Summ      0%         N/A       100%        7
 Storm Form               Tmut/Air       0%         N/A       100%        7
 Summon Hydra             Summ           0%         N/A       100%        7
 Discord                  Hex            0%         N/A       100%        8
 Disjunction              Tloc           0%         N/A       100%        8
 Ignition                 Fire           0%         3d3       100%        8
 Infestation              Necr           0%         N/A       100%        8
 Lehudib's Crystal Spear  Conj/Erth      0%         10d2      100%        8
 Maxwell's Capacitive Co  Air            0%         ∞         100%        8
 Necromutation            Tmut/Necr      0%         N/A       100%        8
 Dragon's Call            Summ           0%         N/A       100%        9
 Fire Storm               Conj/Fire      0%         5d1       100%        9
 Cigotuvi's Dreadful Rot  Necr/Pois/Air  Unusable   N/A       N/A         2
 Sublimation of Blood     Necr           Unusable   N/A       N/A         2

Dungeon Overview and Level Annotations

Branches:
Dungeon (15/15)            Temple (1/1) D:7            Lair (5/5) D:10
  Swamp (4/4) Lair:3        Snake (4/4) Lair:2        Slime (5/5) Lair:5
    Orc (2/2) D:9             Elf (3/3) Orc:2        Vaults (5/5) D:14
  Crypt (3/3) Vaults:2       Tomb (3/3) Crypt:3      Depths (4/4) D:15
   Hell (visited)             Dis (7/7) Hell            Geh (7/7) Hell
    Coc (7/7) Hell            Tar (7/7) Hell            Zot (5/5) Depths:4
Gauntlet (visited)

Altars:
Ashenzari
Cheibriados
Dithmenos
Elyvilon
Fedhas
Gozag
Hepliaklqana
Kikubaaqudgha
Makhleb
Nemelex Xobeh
Okawaru
Qazlal
Ru
Sif Muna
Trog
Uskayaw
Vehumet
Wu Jian
Xom
Yredelemnul
Zin
The Shining One
Jiyva

Shops:
D:8 [   D:9 (   Orc:2 (*=*[:???   Elf:2 !   Snake:2 (==:   Vaults:3 [
Vaults:4 [   Depths:1 ??[   Depths:4 *

Portals:
Hell: Depths:1 Depths:2 Depths:3 Depths:4
Abyss: Depths:3
Pandemonium: Depths:2 Depths:4
Ziggurat: Depths:2
Trove: Elf:3 (give 13 potions of heal wounds)


Innate Abilities, Weirdness & Mutations

You are immune to sickness and miasma.
Your stone body is resilient. (AC +20)
You are immune to poison.
Your large and strong wings let you fly.
You resist negative energy. (rN+)
You are resistant to electric shocks. (rElec)
You are resistant to unholy torment.
You are immune to petrification.
You have hoof-like feet.
You have a pair of small horns on your head.
You have an increased reservoir of magic. (+10% MP)


Message History

The sixfirhy completely misses you.
You fly upwards.
There is a stone staircase leading down here.
(D) Dungeon (T) Temple (L) Lair (S) Swamp (P) Snake Pit (M) Slime Pits (O) Orcish Mines (E) Elven Halls (V) Vaults (C) Crypt (W) Tomb (U) Depths (H) Hell (I) Dis (G) Gehenna (X) Cocytus (Y) Tartarus (Z) Zot
Where to? (Enter - D:1 @ (x,y), ? - help)
What level of the Dungeon? (default 1, ? - help)
There is a stone staircase leading up here.
You fly upwards.
There is a stone staircase leading down here.
There is a stone staircase leading up here.
You fly upwards.
There is a stone staircase leading down here.
A tormentor comes into view.
The tormentor moves out of view.
Hit: a) +9 sacred scourge (holy)
Press: ? - help, Dir - move target, f - you
Okay, then.
Aiming: Dig
Press: ? - help, Shift-Dir - straight line This square is lit by a halo and is covered in magical glow.
The rock shatters into small pieces.
There is a stone staircase leading up here.
You fly upwards.
There is a stone staircase leading down here.
There is a stone staircase leading up here.
You fly upwards.
There is a stone staircase leading down here.
There is a stone staircase leading up here.
You fly upwards.
There is a stone staircase leading down here.
Things that are here:
a +0 dagger; a +0 dagger You see here a +0 whip.
There is an open door here.
There is a staircase leading out of the dungeon here.
You have escaped!

..###.....#...................# #
......#############...........# #
................# #...........# #
................###...........###
............._..................#
........######..............).#..
.........# #......####.........
##.......# ######## #.........
#.......# #..@≈≈⌠# #.........
#.......#####...≈≈≈# #.........
######.....##...≈≈≈# #........)
#.....##.##.≈≈# #.........
#...).##.##..≈# #.........
#######......#......# #.........
.........###.'.....⌠# #.........
...........###......####.........
...........# #.##...##...........


There were no monsters in sight!

Vanquished Creatures
  Cerebov (Pan)
  Antaeus (Coc:7)
  Asmodeus (Geh:7)
  the Royal Jelly (Slime:5)
  Ereshkigal (Tar:7)
  Lom Lobon (Pan)
  the Serpent of Hell (Tar:7)
  Gloorx Vloq (Pan)
  Mnoleg (Pan)
  Dispater (Dis:7)
  7 dread liches
  5 ancient liches
  11 orbs of fire
  Mennas (Depths:4)
  3 juggernauts (Dis:7)
  The ghost of Cyqimiab the Merfolkian Porcupine, a legendary MfGl of Ru (Zot:1)
  Josephina (Depths:3)
  27 royal mummies
  Sojobo (Depths:2)
  Boris (Crypt:3)
  4 Killer Klowns
  4 pandemonium lords (Pan)
  18 shard shrikes
  2 curse toes
  22 caustic shrikes
  14 profane servitors
  Geryon (Hell)
  9 golden dragons
  3 electric golems
  6 bone dragons
  6 doom hounds
  11 Tzitzimimeh
  7 iron giants
  19 Brimstone Fiends
  A spectral shard shrike (Tar:6)
  25 Ice Fiends
  9 hellephants
  25 Orb Guardians (Zot:5)
  8 tainted leviathans
  Zenata (Orc:2)
  A shard shrike skeleton (Crypt:3)
  17 tentacled monstrosities
  14 Hell Sentinels
  8 liches
  17 titans
  2 deep elf master archers (Elf:3)
  Grunn (Depths:4)
  28 acid blobs
  28 searing wretches
  2 deep elf blademasters (Elf:3)
  11 quicksilver dragons
  Gastronok (Lair:1)
  35 ancient champions
  The ghost of Glaurung the Warrior, an adept MiBe of Trog (Elf:3)
  22 Executioners
  An eldritch tentacle (Tomb:3)
  9 death cobs
  11 sphinxes
  11 tentacled starspawn
  6 tengu reavers
  Kirke (D:15)
  14 storm dragons
  3 nagarajas
  8 draconian monks
  10 draconian knights
  26 fire giants
  6 narguns
  10 rockslimes
  14 shadow dragons
  A fenstrider witch (Swamp:4)
  3 demonspawn warmongers (Pan)
  16 azure jellies
  4 iron dragons (Dis:7)
  9 frost giants
  10 revenants
  14 quicksilver elementals
  5 deep elf sorcerers
  18 vault wardens
  6 draconian scorchers
  Aizul (Vaults:4)
  5 ghost moths
  4 curse skulls
  An angel (Zot:2)
  A ghost moth (shapeshifter) (Elf:3)
  Louise (Snake:2)
  3 spectral juggernauts (Tar:6)
  4 draconian stormcallers
  2 spectral caustic shrikes
  6 shard shrike simulacra (Coc:7)
  8 draconian annihilators
  39 balrugs
  6 draconian shifters
  11 ghouls
  10 demonspawn corrupters (Pan)
  3 quicksilver oozes
  15 cacodemons
  4 caustic shrike skeletons
  4 demonspawn blood saints (Pan)
  21 ironbound preservers
  2 deep elf elementalists (Elf:3)
  13 reapers
  55 very ugly things
  15 stone giants
  38 war gargoyles
  7 vampire knights
  21 elemental wellsprings
  7 ironbound thunderhulks
  9 deep elf annihilators
  3 demonspawn black suns (Pan)
  6 eleionomae
  Nessos (D:12)
  19 yellow draconians
  19 black draconians
  20 green draconians
  21 putrid mouths
  A rockslime zombie (Crypt:3)
  10 white draconians
  5 bennus
  6 bunyips
  16 purple draconians
  7 deep elf demonologists (Elf:3)
  16 red draconians
  A minotaur (Gauntlet)
  9 lorocyprocas
  4 spark wasps
  A spectral titan (Tar:2)
  13 dire elephants
  13 wendigos
  21 ettins
  Snorg (D:14)
  11 blizzard demons (Pan)
  8 eidola
  13 deep elf death magi
  28 iron golems
  A spectral quicksilver dragon (Tar:2)
  A crystal guardian (Vaults:4)
  6 green deaths (Pan)
  A shambling mangrove (Swamp:3)
  8 fire dragons
  2 spectral krakens (Tar:7)
  14 great orbs of eyes
  15 mummy priests
  An ice dragon (shapeshifter) (Depths:4)
  3 entropy weavers
  10 rakshasas
  3 spectral spriggans
  4 jiangshi
  29 vault guards
  11 yaktaur captains
  4 hell beasts
  10 ice dragons
  Fannar (D:11)
  10 caustic shrike simulacra
  3 peacekeepers
  21 hydras
  5 deep elf high priests
  A spectral fenstrider witch (Tar:2)
  6 ogre magi
  15 salamander tyrants
  6 death knights
  4 spriggan skeletons
  11 ironbound frosthearts
  9 juggernaut simulacra
  A catoblepas (D:15)
  A boulder beetle (shapeshifter) (Vaults:5)
  5 spriggan air magi
  2 ghost crabs
  8 anacondas
  11 centaur warriors
  5 tengu warriors
  8 alligators
  33 dancing weapons
  7 stokers
  3 boulder beetles
  38 death scarabs
  26 two-headed ogres
  11 deep troll shamans
  13 naga warriors
  8 vampire magi
  10 spriggan berserkers
  43 hell hogs
  Urug (Lair:3)
  4 spectral dire elephants
  9 naga sharpshooters
  12 deep troll earth magi
  An orc high priest (Elf:2)
  16 thrashing horrors
  31 hell knights
  The ghost of Quickbrownfox the Destroyer, a novice DsCj of Vehumet (D:9)
  A spectral naga (Tar:2)
  2 skysharks
  Sonja (D:10)
  11 crystal echidnas
  11 wretched stars
  6 shock serpents
  25 soul eaters
  49 sun demons
  15 sixfirhies
  A skyshark (shapeshifter) (Vaults:5)
  6 titan skeletons
  18 deep elf knights
  16 iron trolls
  Nergalle (D:10)
  5 goliath frogs
  2 death drakes
  39 skeletal warriors
  Lodul (D:14)
  7 spriggan druids
  4 salamander mystics
  11 shadow wraiths
  A spectral iron dragon (Tar:2)
  8 spriggan simulacra
  3 quicksilver dragon simulacra
  3 spectral hydras
  8 shadow demons
  43 deep trolls
  3 spectral anacondas
  A bunyip zombie (Tomb:1)
  A storm dragon skeleton (Vaults:5)
  11 swamp dragons
  12 deep elf archers
  2 anaconda skeletons
  The ghost of Seven7 the Trooper, a novice MiFi (D:5)
  16 bog bodies
  5 glowing orange brains
  11 wizards
  4 naga ritualists
  6 lindwurms
  8 flayed ghosts
  14 phantasmal warriors
  12 necromancers
  8 mana vipers
  3 orc knights
  68 ugly things
  A stone giant zombie (Abyss:3)
  19 deep elf pyromancers
  5 shining eyes
  A shadow dragon skeleton (Pan)
  22 deep elf zephyrmancers
  2 orc sorcerers
  10 ironbound convokers
  A shining eye (shapeshifter) (D:15)
  An oklob plant (Lair:4)
  A manticore (D:15)
  A spectral ettin (Tar:6)
  A wolf spider (D:15)
  5 worldbinders
  25 moths of wrath
  An iron dragon zombie (Hell)
  5 cyclopes
  6 will-o-the-wisps
  16 salamanders
  A spectral alligator snapping turtle (Tar:2)
  2 apocalypse crabs (Abyss:3)
  A guardian serpent (shapeshifter) (D:13)
  Maurice (Orc:2)
  45 black mambas
  An eleionoma skeleton (Crypt:3)
  2 rust devils (Pan)
  5 titan simulacra
  2 water nymphs (shapeshifter) (Vaults:5)
  11 molten gargoyles (Geh:7)
  5 eyes of devastation (Slime:4)
  8 guardian serpents
  11 demonic crawlers
  17 naga magi
  42 smoke demons
  7 elephants (Lair:4)
  6 torpor snails (Lair:5)
  5 spectral swamp worms (Tar:7)
  28 vault sentinels
  12 orange demons
  7 cane toads
  4 dire elephant skeletons
  2 centaur skeletons
  12 efreet
  3 naga skeletons
  9 komodo dragons
  A kobold demonologist (D:14)
  An alligator snapping turtle skeleton (Crypt:3)
  14 hellions
  An unseen horror (Pan)
  3 rime drakes
  15 tormentors
  35 guardian mummies
  9 freezing wraiths
  An unseen horror zombie (Crypt:1)
  4 ice devils
  A bunyip simulacrum (Coc:2)
  5 tengu conjurers
  4 ancient zymes (Abyss:3)
  A black draconian skeleton (Crypt:2)
  A death yak skeleton (Crypt:3)
  4 red devils
  2 golden dragon simulacra
  3 spectral harpies
  A human skeleton (Vaults:5)
  3 anaconda simulacra
  4 iron giant simulacra
  A silent spectre (Tar:5)
  A sea snake skeleton (Crypt:3)
  4 harpy zombies
  A queen bee (Abyss:3)
  4 meliai (Abyss:3)
  38 yaktaurs
  5 polar bears
  2 trolls
  A meliai (shapeshifter) (Elf:1)
  A shadow dragon simulacrum (Depths:3)
  27 hellwings
  Prince Ribbit (Lair:3)
  25 hornets
  18 tyrant leeches
  3 stone giant simulacra
  An ettin zombie (Vaults:5)
  8 harpy skeletons
  2 iron dragon simulacra
  A fire giant simulacrum (Depths:3)
  A tarantella (Vaults:5)
  115 slime creatures
  37 blink frogs
  A boulder beetle zombie (Crypt:1)
  26 raiju
  4 air elementals
  2 dream sheep (Lair:5)
  A jumping spider (Vaults:1)
  A guardian serpent skeleton (Crypt:2)
  11 ynoxinuls
  A culicivora zombie (Crypt:1)
  19 flying skulls
  2 centaur simulacra (D:12)
  2 water elementals (Depths:1)
  3 ettin skeletons
  A black mamba skeleton (Hell)
  16 spriggans
  A culicivora (Vaults:3)
  A shadow (D:11)
  16 ushabtiu
  A vampire (D:12)
  26 fire elementals
  2 slime creature zombies
  58 yaks
  3 wyverns
  5 basilisks
  20 humans
  11 wraiths
  An alligator snapping turtle simulacrum (Tomb:2)
  38 large abominations
  4 hogs (D:15)
  6 dire elephant simulacra
  A naga simulacrum (Hell)
  A fire bat (Abyss:2)
  10 golden eyes
  25 neqoxecs
  18 chaos spawn
  4 steam dragons
  3 vampire mosquitoes (D:11)
  3 redbacks
  11 harpy simulacra
  7 acid dragons
  A naga (shapeshifter) (Depths:2)
  A deep troll zombie (Crypt:1)
  20 swamp worms
  5 wargs
  43 nagas
  4 hell hounds (Abyss:3)
  A two-headed ogre skeleton (Crypt:3)
  21 water moccasins
  A hydra simulacrum (Coc:5)
  A sky beast (Abyss:2)
  4 floating eyes
  13 orc warriors
  A cane toad skeleton (Crypt:3)
  11 swamp drakes
  2 ice beasts
  4 black bears
  2 ettin simulacra (Coc:7)
  An ice dragon simulacrum (Coc:1)
  52 ogres
  10 wolves
  8 centaurs
  2 torpor snail zombies
  A phantom (D:5)
  2 swamp dragon skeletons
  2 kobold brigands
  9 bullfrogs
  An elf skeleton (Crypt:1)
  A fire crab zombie (Crypt:3)
  2 gnoll sergeants (D:12)
  16 small abominations
  7 earth elementals
  2 necrophages (Crypt:3)
  2 scorpions
  18 wights
  7 killer bees
  A shapeshifter zombie (Crypt:2)
  5 howler monkeys
  2 electric eels
  A crimson imp (Abyss:2)
  3 lava snakes (Lair:2)
  A hound (D:5)
  2 jellies
  9 orc priests
  3 quasits
  A gnoll bouda (D:9)
  5 iguanas
  3 iron imps (Abyss:3)
  2 sleepcaps
  A scorpion zombie (Crypt:2)
  23 starcursed masses (Abyss:3)
  9 orc wizards
  7 hell rats (Hell)
  38 mummies
  15 gnolls
  12 adders
  A swamp drake skeleton (Crypt:1)
  A shadow imp (D:5)
  8 white imps
  6 ufetubi
  A lava snake skeleton (Crypt:1)
  2 dart slugs
  A worm (D:5)
  56 orcs
  6 ball pythons
  3 bats
  5 endoplasms
  4 giant cockroaches
  A gnoll zombie (Crypt:2)
  6 goblins
  13 hobgoblins
  3 jackals (D:1)
  2 quokkas (D:1)
  4 frilled lizards
  A frilled lizard skeleton (Crypt:3)
  A hobgoblin zombie (Crypt:3)
  16 kobolds
  A quokka skeleton (Crypt:1)
  8 rats
  A rat skeleton (Crypt:1)
  2 creeping infernos
  17 fire vortices
  A spectral weapon (Elf:3)
  13 starspawn tentacles (Abyss:3)
  4 tentacles (Tar:7)
4020 creatures vanquished.

Vanquished Creatures (collateral kills)
  2 pandemonium lords (Pan)
  8 royal mummies
  2 shard shrikes (Coc:6)
  2 iron giants (Dis:7)
  2 Tzitzimimeh (Tar:7)
  A tentacled monstrosity (Pan)
  2 tainted leviathans (Tar:7)
  A lich (Tomb:3)
  3 Ice Fiends (Coc:7)
  An ancient champion (Tomb:1)
  A fire giant (Coc:3)
  2 narguns
  2 iron dragons (Dis:7)
  2 frost giants (Coc:3)
  2 balrugs
  A shard shrike simulacrum (Coc:3)
  A war gargoyle (Dis:7)
  A reaper (Pan)
  2 cacodemons (Pan)
  A juggernaut skeleton (Pan)
  5 elemental wellsprings
  A lorocyproca (Pan)
  A bennu (Tomb:3)
  3 wendigos
  A green death (Pan)
  3 mummy priests
  A spriggan zombie (Tomb:2)
  8 death scarabs (Tomb:2)
  A hell hog (Geh:3)
  2 soul eaters (Pan)
  5 sun demons (Pan)
  3 large abominations (Pan)
  2 sixfirhies (Pan)
  A skeletal warrior (Tomb:3)
  A shadow demon (Pan)
  5 orange demons (Pan)
  A naga skeleton (Tomb:3)
  An efreet (Pan)
  A hellion (Coc:6)
  13 guardian mummies
  A dire elephant simulacrum (Coc:3)
  2 ynoxinuls (Pan)
  11 ushabtiu
  A golden eye (Pan)
  4 chaos spawn (Pan)
  5 neqoxecs (Pan)
  An ettin simulacrum (Coc:6)
  15 mummies
138 creatures vanquished.

Vanquished Creatures (others)
  2 shard shrikes (Coc:6)
  A hellephant (Geh:7)
  3 fire giants
  A nargun (Coc:5)
  A reaper (Pan)
  An eleionoma (Swamp:3)
  A yellow draconian (Zot:2)
  A wendigo (Coc:7)
  2 caustic shrike simulacra
  2 juggernaut simulacra (Coc:7)
  A hell hog (Geh:5)
  A tengu warrior (Depths:1)
  A sun demon (Hell)
  A quicksilver dragon simulacrum (Coc:7)
  A spriggan druid (Swamp:4)
  4 spriggan simulacra
  2 deep elf pyromancers (Elf:1)
  A deep elf zephyrmancer (Elf:3)
  An ironbound convoker (Vaults:5)
  2 titan simulacra
  A tormentor (Geh:7)
  2 anaconda simulacra
  3 iron giant simulacra
  2 bloated husks (Swamp:3)
  A shadow dragon simulacrum (Depths:3)
  An iron dragon simulacrum (Coc:2)
  2 dire elephant simulacra (Coc:6)
  A human (D:15)
  A neqoxec (Pan)
  3 harpy simulacra
  3 ettin simulacra
  An earth elemental (Elf:3)
  A naga simulacrum (Hell)
  2 gnolls (D:12)
  11 ball lightnings (Pan)
  3 creeping infernos
  2 fire vortices
  27 foxfires
  2 lurking horrors (Abyss:3)
  21 starspawn tentacles
  8 tentacles (Tar:7)
128 creatures vanquished.

Grand Total: 4286 creatures vanquished

Notes
Turn   | Place    | Note
-------+----------+-------------------------------------------
     0 | D:1      | chujev the Gargoyle Monk began the quest for the Orb.
     0 | D:1      | Reached XP level 1. HP: 14/14 MP: 1/1
   107 | D:1      | Reached XP level 2. HP: 15/19 MP: 2/2
   203 | D:1      | Found a faded altar of an unknown god.
   438 | D:1      | Reached XP level 3. HP: 22/24 MP: 3/3
   910 | D:2      | Identified the +1 robe of the Maze {Dex+3}
   973 | D:2      | Reached skill level 1 in Invocations
  1175 | D:2      | Reached skill level 1 in Armour
  1733 | D:3      | Reached XP level 4. HP: 29/29 MP: 4/4
  1975 | D:3      | Reached skill level 1 in Throwing
  2394 | D:3      | Reached XP level 5. HP: 34/34 MP: 5/5
  3192 | D:4      | Found the +7 staff of the Meek {protect, meekguard}
  3239 | D:5      | Entered Level 5 of the Dungeon
  3249 | D:5      | Noticed a phantom
  3262 | D:5      | Killed a phantom
  3263 | D:5      | Reached XP level 6. HP: 40/40 MP: 7/7
  3269 | D:5      | Found a broken altar of Ashenzari.
  3279 | D:5      | Noticed a water moccasin
  3290 | D:5      | Killed a water moccasin
  3291 | D:5      | Reached skill level 5 in Fighting
  3323 | D:5      | Reached XP level 7. HP: 41/44 MP: 8/8
  3856 | D:5      | Found a runed translucent gate.
  3857 | D:5      | Found a runed translucent gate.
  3857 | D:5      | Noticed Seven7's ghost (novice MiFi)
  3859 | D:5      | Found a runed translucent gate.
  3861 | D:5      | Identified the +12 whip "Teathef" {protect, rC++ Dex-4}
  3861 | D:5      | Identified the +11 scale mail of Gluttony {-Cast rPois rC+
                  | Str+5}
  4060 | D:6      | Found an ancient bone altar of Kikubaaqudgha.
  4123 | D:6      | Reached XP level 8. HP: 35/51 MP: 10/10
  4326 | D:6      | Found a shimmering blue altar of Sif Muna.
  4404 | D:6      | Found a shadowy altar of Dithmenos.
  4678 | D:8      | Found Laemukh's Antique Armour Shoppe.
  4691 | D:8      | Bought a pair of faintly humming gloves for 190 gold pieces
  4691 | D:8      | Identified the +0 pair of gloves of Space {rC+ Str+2 Int+3
                  | Slay+3} (You bought it in a shop on level 8 of the Dungeon)
  4775 | D:7      | Reached skill level 5 in Maces & Flails
  4775 | D:7      | Reached skill level 5 in Armour
  4775 | D:7      | Reached XP level 9. HP: 57/57 MP: 12/12
  4781 | D:7      | Found a staircase to the Ecumenical Temple.
  4804 | Temple   | Entered the Ecumenical Temple
  4942 | D:7      | Found a sacrificial altar of Ru.
  4943 | D:7      | Found a hazy altar of Hepliaklqana.
  4944 | D:7      | Found a blossoming altar of Fedhas.
  5100 | Temple   | Became a worshipper of the Shining One
  5100 | Temple   | Reached * piety under the Shining One
  5100 | Temple   | Reached ** piety under the Shining One
  5201 | D:8      | Found an ornate altar of the Wu Jian Council.
  5293 | D:8      | Found a bloodstained altar of Trog.
  5636 | D:8      | Found a radiant altar of Vehumet.
  5698 | D:9      | Noticed a hornet
  5708 | D:9      | Killed a hornet
  5721 | D:9      | Found a large runed translucent door.
  5721 | D:9      | Found a large runed translucent door.
  5747 | D:9      | Found a white marble altar of Elyvilon.
  5833 | D:9      | Noticed a boulder beetle
  5843 | D:9      | Noticed a purple ugly thing
  5846 | D:9      | Noticed a centaur warrior
  5863 | D:10     | Entered Level 10 of the Dungeon
  5946 | D:10     | Found a staircase to the Lair.
  5970 | D:10     | Reached skill level 5 in Invocations
  5992 | D:10     | Reached skill level 5 in Dodging
  5992 | D:10     | Reached XP level 10. HP: 65/65 MP: 13/13
  6120 | D:10     | Noticed a two-headed ogre
  6160 | D:10     | Noticed Sonja
  6287 | D:10     | Found a hide-covered altar of Uskayaw.
  6312 | D:10     | Found a glowing silver altar of Zin.
  6315 | D:10     | Fell from the grace of the Shining One
  6315 | D:10     | Became a worshipper of Zin the Law-Giver
  6315 | D:10     | Reached * piety under Zin
  6315 | D:10     | Reached ** piety under Zin
  6394 | D:10     | Found a stormy altar of Qazlal.
  6408 | D:10     | Noticed Nergalle
  6423 | D:10     | Killed Nergalle
  6542 | D:10     | Reached *** piety under Zin
  6591 | D:10     | Killed a two-headed ogre
  6592 | D:10     | Reached skill level 5 in Throwing
  6695 | D:10     | Noticed a wizard
  6753 | D:9      | Found a staircase to the Orcish Mines.
  6753 | D:9      | Found Niraqu's Weapon Emporium.
  6771 | D:9      | Paralysed by a gnoll for 3 turns
  6788 | D:9      | HP: 2/68 [wyvern (10)]
  6790 | D:8      | Zin protects you from harm!
  6802 | D:8      | Reached skill level 10 in Fighting
  7029 | D:9      | Noticed Quickbrownfox's ghost (novice DsCj)
  7178 | D:9      | Bought a +4 morningstar of venom for 428 gold pieces
  7183 | D:9      | Reached **** piety under Zin
  7217 | D:9      | Noticed a cyclops
  7238 | D:9      | Killed a centaur warrior
  7239 | D:9      | Reached XP level 11. HP: 68/73 MP: 14/14
  7282 | D:9      | Killed a cyclops
  7478 | D:9      | Killed a boulder beetle
  7517 | D:9      | Killed Quickbrownfox's ghost
  7640 | Abyss:2  | Cast into level 2 of the Abyss (a wizard)
  7663 | Abyss:2  | Noticed a thrashing horror
  7684 | Abyss:2  | Killed a thrashing horror
  7705 | Abyss:2  | Found a corrupted altar of Lugonu.
  7729 | Abyss:2  | Gained mutation: Armour fits poorly on your strangely
                  | shaped body. [a neqoxec]
  7734 | D:10     | Escaped the Abyss
  7744 | D:10     | Killed a wizard
  7760 | D:10     | Killed Sonja
  7830 | D:10     | Found a burning altar of Makhleb.
  7846 | D:10     | Noticed a fire dragon
  7870 | D:10     | Killed a fire dragon
  7912 | D:10     | Noticed a white ugly thing
  7919 | D:10     | Reached skill level 1 in Shields
  7925 | D:10     | Noticed a six-headed hydra
  7929 | D:10     | Killed a white ugly thing
  7936 | D:10     | Killed a six-headed hydra
  8007 | Lair:1   | Entered Level 1 of the Lair of Beasts
  8081 | Lair:1   | Identified the +4 short sword of Change {flame, rN++ Will+}
  8174 | Lair:1   | Found a gate leading to a gauntlet.
  8183 | Gauntlet | Entered a Gauntlet
  8183 | Gauntlet | Found a transporter.
  8183 | Gauntlet | Found a transporter.
  8183 | Gauntlet | Found a transporter.
  8183 | Gauntlet | Found a transporter.
  8203 | Gauntlet | Found a transporter.
  8207 | Gauntlet | Noticed a blizzard demon
  8217 | Gauntlet | Found a transporter.
  8219 | Gauntlet | Found a transporter.
  8226 | Gauntlet | Noticed an obsidian statue
  8227 | Gauntlet | Found a transporter.
  8248 | Gauntlet | Found a transporter.
  8248 | Gauntlet | Noticed a hell beast
  8254 | Gauntlet | Found a transporter.
  8257 | Gauntlet | Found a transporter.
  8258 | Gauntlet | Noticed an orange crystal statue
  8267 | Gauntlet | Found a transporter.
  8608 | Gauntlet | Identified the amulet "Fozod" {Faith rF+ Dex+3 Stlth-}
  8641 | Gauntlet | Identified the +0 pair of boots "Becetush" {Will++}
  8680 | Gauntlet | Identified the +9 dagger of Understanding {freeze, Str+7}
  8680 | Gauntlet | Identified the +2 scale mail "Lauzo" {Rampage rElec Will-}
  8680 | Gauntlet | Noticed a minotaur
  8693 | Gauntlet | HP: 3/76 [minotaur/the +9 dagger of Understanding {freeze,
                  | Str+7} (1)]
  8696 | Gauntlet | Killed a minotaur
  8697 | Gauntlet | Reached XP level 12. HP: 16/81 MP: 15/15
  8761 | Gauntlet | Identified the +1 robe of Defiance {+Blink}
  8762 | Gauntlet | Got Ukkou's Directory of Glowing Moulding
  8769 | Gauntlet | Identified the +0 robe of Skepticism {rPois rN++ Dex-2}
  8770 | Gauntlet | Got Roko Rog's Codex of the Dimensional Discharge
  9055 | Lair:1   | Noticed Gastronok
  9056 | Lair:1   | Noticed a skyshark
  9068 | Lair:1   | Killed a skyshark
  9090 | Lair:1   | Killed Gastronok
  9091 | Lair:1   | Reached skill level 1 in Evocations
  9110 | Lair:1   | Identified the ring of Adomaa {rPois Str+6 Stlth+}
  9945 | Lair:2   | Reached skill level 5 in Shields
 10179 | Lair:2   | Found a staircase to the Snake Pit.
 10340 | Lair:2   | Reached XP level 13. HP: 87/87 MP: 17/17
 10765 | Lair:3   | Reached ***** piety under Zin
 11099 | Lair:3   | Noticed Urug
 11122 | Lair:3   | Killed Urug
 11434 | Lair:3   | Found a staircase to the Swamp.
 12529 | Lair:4   | Found the +8 whip "Snakebite" {venom, curare, rPois}
 12813 | Lair:5   | Entered Level 5 of the Lair of Beasts
 12882 | Lair:5   | Gained mutation: Your large and strong wings let you fly.
                  | [Gargoyle growth]
 12882 | Lair:5   | Reached XP level 14. HP: 75/95 MP: 19/19
 13001 | Lair:5   | Reached skill level 10 in Armour
 13129 | Lair:5   | Found a staircase to the Slime Pits.
 14186 | Lair:5   | Found a runed translucent door.
 14481 | Lair:5   | Reached ****** piety under Zin
 14898 | Orc:1    | Entered Level 1 of the Orcish Mines
 15149 | Orc:2    | Entered Level 2 of the Orcish Mines
 15258 | Orc:2    | Noticed Maurice
 15288 | Orc:2    | Killed Maurice
 15295 | Orc:2    | Found Dennid's Magic Scroll Boutique.
 15305 | Orc:2    | Bought a scroll of identify for 32 gold pieces
 15305 | Orc:2    | Bought a scroll of identify for 32 gold pieces
 15305 | Orc:2    | Bought a scroll of identify for 32 gold pieces
 15332 | Orc:2    | Reached skill level 10 in Maces & Flails
 15410 | Orc:2    | Found Ivuiss's Magic Scroll Boutique.
 15414 | Orc:2    | Bought a scroll of identify for 24 gold pieces
 15507 | Orc:2    | Reached skill level 15 in Fighting
 15566 | Orc:2    | Reached XP level 15. HP: 103/103 MP: 21/21
 15608 | Orc:2    | Found Adghypp's Magic Scroll Boutique.
 15608 | Orc:2    | Found Wiahiup's Book Shoppe.
 15612 | Orc:2    | Found Nuakid's Antique Armour Shoppe.
 15612 | Orc:2    | Found Micy's Assorted Antiques.
 15650 | Orc:2    | Bought a scroll of identify for 28 gold pieces
 15650 | Orc:2    | Bought a scroll of identify for 28 gold pieces
 15657 | Orc:2    | Found a staircase to the Elven Halls.
 15665 | Orc:2    | Found Pepp's Assorted Antiques.
 15709 | Orc:2    | Found Lup Zoepn's Weapon Shop.
 15796 | Orc:2    | Found Mykokas's Jewellery Boutique.
 16011 | Orc:2    | Bought the +3 warlock's mirror {omnireflect} for 1400 gold
                  | pieces
 16011 | Orc:2    | Found the +3 warlock's mirror {omnireflect}
 16174 | Snake:1  | Entered Level 1 of the Snake Pit
 16217 | Lair:2   | Reached skill level 5 in Evocations
 16419 | Lair:3   | Noticed Prince Ribbit
 16446 | Lair:3   | Killed Prince Ribbit
 16467 | Swamp:1  | Entered Level 1 of the Swamp
 17397 | Swamp:1  | Reached skill level 10 in Shields
 17671 | Swamp:2  | Identified the +1 ring mail of Eternity {Rampage +Blink
                  | Dex+3 Slay-3}
 18347 | Swamp:3  | Reached skill level 10 in Invocations
 18373 | Swamp:3  | Reached XP level 16. HP: 97/111 MP: 20/23
 19300 | Orc:2    | Bought a pair of smoking gloves for 332 gold pieces
 19300 | Orc:2    | Identified the +2 pair of gloves of Ximeixeha {rF- rC++
                  | Regen+ rCorr} (You bought it in a shop on level 2 of the
                  | Orcish Mines)
 19496 | D:5      | Killed Seven7's ghost
 19755 | Swamp:4  | Entered Level 4 of the Swamp
 21018 | Swamp:4  | Noticed a fenstrider witch
 21104 | Swamp:4  | Killed a fenstrider witch
 21366 | Swamp:4  | Got a decaying rune of Zot
 21425 | Swamp:4  | Identified the +7 scimitar of Duczel {drain, rElec rF+
                  | Stlth-}
 21992 | Snake:1  | Reached XP level 17. HP: 119/119 MP: 25/25
 22709 | Snake:2  | Identified the +5 quarterstaff "Bumoa" {speed, rN+ Str+3}
 22804 | Snake:2  | Found Ciraj's Jewellery Shop.
 22805 | Snake:2  | Found Faigeiwig's Book Emporium.
 22806 | Snake:2  | Found Xebriumm's Jewellery Shop.
 23028 | Snake:2  | Noticed Louise
 23063 | Snake:2  | Killed Louise
 23238 | Snake:2  | Found Ulog's Antique Weapon Boutique.
 24319 | Snake:3  | Reached skill level 10 in Throwing
 24602 | Snake:4  | Entered Level 4 of the Snake Pit
 25679 | Snake:4  | Identified a scroll of acquirement
 25680 | Snake:4  | Acquired the ring "Buxkies" {rPois rN+ Slay+4 SInv}
 26621 | Snake:4  | Reached XP level 18. HP: 127/127 MP: 27/27
 26872 | Snake:4  | Noticed a quicksilver dragon
 26872 | Snake:4  | Noticed a quicksilver dragon
 26896 | Snake:4  | Killed a quicksilver dragon
 26965 | Snake:4  | Killed a quicksilver dragon
 26979 | Snake:4  | Got a serpentine rune of Zot
 27508 | Slime:1  | Entered Level 1 of the Pits of Slime
 28953 | D:10     | Found the crystal ball of Wucad Mu {*channel}
 29061 | D:10     | Found a runed translucent door.
 29506 | D:11     | Identified the +6 mace of the Throat {flame, rN+}
 29673 | D:11     | Noticed Fannar
 29687 | D:11     | Killed Fannar
 30539 | D:12     | Noticed Nessos
 30564 | D:12     | Killed Nessos
 31458 | D:14     | Noticed Snorg
 31481 | D:14     | Killed Snorg
 31521 | D:14     | You are sucked into a shaft and drop 1 floor!
 31521 | D:15     | Entered Level 15 of the Dungeon
 31543 | D:15     | Noticed Kirke
 31565 | D:15     | Found a staircase to the Depths.
 31717 | D:15     | Killed Kirke
 32059 | D:15     | Reached XP level 19. HP: 134/134 MP: 28/28
 32237 | D:15     | Found a glowing golden altar of the Shining One.
 32237 | D:15     | Found a white marble altar of Elyvilon.
 32238 | D:15     | Found a glowing silver altar of Zin.
 32555 | Depths:1 | Entered Level 1 of the Depths
 33079 | Depths:1 | Identified the +3 demon blade of Suicidal Tendencies
                  | {venom, *Noise rN+ Str+2}
 33144 | Depths:1 | Found a gateway to Hell.
 33868 | Depths:1 | Found Qerhoic's Armour Shop.
 33870 | Depths:1 | Found Qoih's Magic Scroll Boutique.
 33872 | Depths:1 | Found Ublaegia's Magic Scroll Shop.
 33894 | Depths:1 | Bought a scroll of blinking for 157 gold pieces
 33896 | Depths:1 | Bought a scroll of enchant armour for 105 gold pieces
 35473 | Depths:1 | Reached XP level 20. HP: 122/142 MP: 30/30
 35676 | Depths:2 | Found a one-way gateway to a ziggurat.
 35700 | Depths:2 | Noticed Sojobo
 35759 | Depths:2 | Killed Sojobo
 35822 | Depths:2 | Found a one-way gate leading to the halls of Pandemonium.
 35866 | Depths:2 | Reached skill level 15 in Armour
 36110 | Depths:2 | Found a runed translucent door.
 36112 | Depths:2 | Noticed a caustic shrike
 36112 | Depths:2 | Noticed a caustic shrike
 37224 | Depths:3 | Identified the ring "Kaso" {Ice Stlth+}
 37224 | Depths:3 | Noticed Josephina
 38074 | D:14     | Noticed Lodul
 38114 | D:14     | Killed Lodul
 38629 | D:14     | Found a gate to the Vaults.
 38799 | Vaults:1 | Entered Level 1 of the Vaults
 38825 | Vaults:1 | Reached skill level 15 in Maces & Flails
 39064 | Vaults:1 | You are sucked into a shaft and drop 1 floor!
 39064 | Vaults:2 | Found an ancient bone altar of Kikubaaqudgha.
 39064 | Vaults:2 | Found a staircase to the Crypt.
 39064 | Vaults:2 | Found a basalt altar of Yredelemnul.
 39455 | Vaults:2 | Reached XP level 21. HP: 136/149 MP: 31/31
 42171 | Vaults:3 | Found Ydghiomy's Armour Boutique.
 42449 | Vaults:4 | Reached skill level 15 in Invocations
 42859 | Vaults:4 | Noticed Aizul
 42881 | Vaults:4 | Reached XP level 22. HP: 120/157 MP: 30/33
 42894 | Vaults:4 | Killed Aizul
 43567 | Vaults:4 | Found Vikodepn's Armour Shoppe.
 43721 | Vaults:5 | Entered Level 5 of the Vaults
 44104 | Vaults:5 | Noticed an ancient lich
 44105 | Vaults:5 | Noticed an ancient lich
 44422 | Vaults:5 | Reached skill level 15 in Shields
 44699 | Vaults:5 | Killed an ancient lich
 44744 | Vaults:5 | Killed an ancient lich
 44751 | Vaults:5 | Reached XP level 23. HP: 87/165 MP: 34/34
 44880 | Vaults:5 | Identified the +13 plate armour "Lalousm" {Will+ Slay+2}
 45694 | Vaults:5 | Identified the staff of poison "Helucko" {rElec rPois}
 45802 | Vaults:5 | HP: 8/165 [vault warden/+0 war axe (15)]
 46138 | Vaults:5 | Got a silver rune of Zot
 46429 | Vaults:5 | Upgraded the game from 0.30.1-4-g462c640d31 to
                  | 0.30.1-5-ged363bc7ee
 46768 | Vaults:5 | Identified the +0 scale mail of Moral Flaws {rN+}
 46975 | Vaults:5 | Got Ifep's Commentary on Assistive Frostbite
 48131 | Elf:1    | Entered Level 1 of the Elven Halls
 48180 | Elf:1    | Noticed Zenata
 48187 | Elf:1    | Paralysed by an air elemental for 1 turns
 48190 | Elf:1    | Paralysed by an air elemental for 1 turns
 48203 | Orc:2    | Paralysed by an air elemental for 1 turns
 48207 | Orc:2    | Paralysed by an air elemental for 1 turns
 48236 | Orc:2    | Killed Zenata
 48243 | Orc:2    | Paralysed by an air elemental for 1 turns
 48867 | Elf:1    | You are sucked into a shaft and drop 1 floor!
 49101 | Elf:2    | Found a runed translucent gate.
 49101 | Elf:2    | Found a runed translucent gate.
 49102 | Elf:2    | Found a runed translucent gate.
 49587 | Elf:2    | Paralysed by an air elemental for 1 turns
 49627 | Elf:2    | Paralysed by an air elemental for 1 turns
 50356 | Elf:2    | Found Hydax's Distillery.
 50361 | Elf:2    | Bought a potion of heal wounds for 60 gold pieces
 50379 | Elf:3    | Entered Level 3 of the Elven Halls
 50551 | Elf:3    | Found a runed translucent gate.
 50551 | Elf:3    | Found a runed translucent gate.
 50552 | Elf:3    | Found a runed translucent gate.
 50556 | Elf:3    | Noticed Glaurung's ghost (adept MiBe)
 50593 | Elf:3    | Killed Glaurung's ghost
 50600 | Elf:3    | Identified the +1 halberd "Curix" {flame, rPois Will+ Str-4
                  | Dex+3}
 50806 | Elf:3    | Reached XP level 24. HP: 175/175 MP: 35/35
 50813 | Elf:3    | Reached skill level 1 in Axes
 50817 | Elf:3    | Found a portal to a secret trove of treasure.
 50965 | Elf:3    | Identified the +0 cloak of the Other World {Str+4 Int+3
                  | Slay+3}
 51455 | Elf:3    | Identified the +6 great sword of Afusovvu {spect, rPois
                  | Will+++ Int-5 Stlth+}
 51473 | Elf:3    | Lost mutation: Armour fits poorly on your strangely shaped
                  | body. [potion of mutation]
 51507 | Elf:3    | Identified the +0 ring mail of Nucir {*Slow rElec Str+3}
 51697 | Elf:3    | Identified the +0 scale mail of Wonder {rN+ Int+4}
 51697 | Elf:3    | Identified the amulet of Betro {Faith rPois}
 51753 | Elf:3    | Identified the ring "Efureo" {*Corrode rC+ MP+9 Dex+2}
 51926 | Elf:3    | Identified the staff of air "Ypnamom" {rElec Str+3}
 51929 | Elf:3    | Identified the staff of air "Vyudoh" {rElec Int+2 Dex+4}
 51933 | Elf:3    | Identified the staff of fire "Wetushu" {rF+ rC+ Int+3 Dex+2
                  | Stlth+}
 51950 | Elf:3    | Identified the staff of earth "Baisoil" {Str+3 Dex+2}
 52010 | Elf:3    | Identified the staff of air "Zenu" {rElec rPois Will- SInv
                  | Stlth+}
 52364 | Depths:3 | Killed Josephina
 52620 | Depths:3 | Found a one-way gate to the infinite horrors of the Abyss.
 52699 | Depths:3 | Noticed a juggernaut
 53049 | Orc:2    | Bought the dreamshard necklace {*Dream Drain} for 2800 gold
                  | pieces
 53049 | Orc:2    | Found the dreamshard necklace {*Dream Drain}
 53868 | Depths:2 | Killed a caustic shrike
 53897 | Depths:2 | Killed a caustic shrike
 53912 | Depths:2 | Identified the staff of fire "Ydinuph" {rF+ rN+ rCorr MP+9
                  | Dex+5}
 53914 | Depths:2 | Identified the +3 hand axe "Ehoduatu" {freeze, Fly Str+3}
 53917 | Depths:2 | Identified the staff of conjuration "Areeqiz" {Will+}
 53978 | Depths:4 | Entered Level 4 of the Depths
 54323 | Depths:4 | Noticed Mennas
 54366 | Depths:4 | Noticed Grunn
 54428 | Depths:4 | Killed Grunn
 54597 | Depths:4 | Reached XP level 25. HP: 161/184 MP: 35/35
 54644 | Depths:4 | Killed Mennas
 55016 | Depths:4 | Found a gate to the Realm of Zot.
 55417 | Depths:4 | Found Maulaegh's General Store.
 56310 | Slime:3  | You are sucked into a shaft and drop 1 floor!
 56441 | Slime:4  | Paralysed by a floating eye for 3 turns
 56835 | Slime:3  | Reached skill level 5 in Axes
 57118 | Slime:5  | Entered Level 5 of the Pits of Slime
 57138 | Slime:5  | Reached skill level 10 in Evocations
 57168 | Slime:5  | Paralysed by a floating eye for 2 turns
 57507 | Slime:5  | Found a viscous altar of Jiyva.
 57507 | Slime:5  | Noticed the Royal Jelly
 57721 | Slime:5  | Found the necklace of Bloodlust {Fury *Rage Will++ Int-3
                  | Slay+6}
 57834 | Slime:5  | Reached skill level 27 in Fighting
 58030 | Slime:5  | Killed the Royal Jelly
 58263 | Slime:5  | Identified the ring "Toxuank" {rF+ rC+ SInv}
 58272 | Slime:5  | Got a slimy rune of Zot
 58309 | Slime:5  | Identified the staff of air "Boamikuck" {Fragile Fly rElec
                  | Dex+4}
 58325 | Slime:5  | Identified the +5 long sword of the Twisting Boar {drain,
                  | Stlth+}
 58335 | Slime:5  | Identified the staff of cold "Jizyt" {rElec rC+ Dex+3}
 58340 | Slime:5  | Identified the +4 chain mail of Qarrus {rC++ Stlth-}
 58347 | Slime:5  | Identified the +4 ring mail of Toothy Curiosity {rC++
                  | Stlth+}
 58362 | Slime:5  | Got Onyebb's Folio of the Salvo and Therianthropy
 58366 | Slime:5  | Got the Excursus on the Dark Sphinx
 58374 | Slime:5  | Identified the +2 sling of Wariness {freeze, rCorr}
 58394 | Slime:5  | Identified the +5 ring mail "Ciahut" {rPois rC++ Slay+6}
 59637 | Zot:1    | Entered Level 1 of the Realm of Zot
 60114 | Zot:1    | Reached XP level 26. HP: 131/193 MP: 35/35
 60384 | Zot:1    | Found a runed translucent door.
 60716 | Zot:1    | Found a shimmering altar of Xom.
 60716 | Zot:1    | Noticed Cyqimiab's ghost (legendary MfGl)
 60716 | Zot:1    | Identified the +10 broad axe of Wiew {chaos, rElec rF- rC+
                  | Will+++}
 61643 | Zot:1    | Killed Cyqimiab's ghost
 61666 | Zot:1    | Identified the ring "Zuithasch" {Wiz Int+2}
 62333 | Zot:2    | Noticed an orb of fire
 63051 | Zot:2    | Killed an orb of fire
 63691 | Zot:3    | Got the Almanac of the Catacomb and the Hornet
 63864 | Zot:3    | You are sucked into a shaft and drop 1 floor!
 64530 | Zot:4    | Noticed a Killer Klown
 64566 | Zot:4    | Killed a Killer Klown
 64685 | Zot:4    | Noticed an orb of fire
 64964 | Zot:3    | Killed an orb of fire
 64965 | Zot:3    | Reached XP level 27. HP: 79/199 MP: 36/36
 66490 | Zot:5    | Entered Level 5 of the Realm of Zot
 66764 | Zot:5    | Noticed an orb of fire
 66764 | Zot:5    | Noticed an orb of fire
 66764 | Zot:5    | Noticed an orb of fire
 66768 | Zot:5    | Noticed an orb of fire
 66769 | Zot:5    | Noticed an orb of fire
 66772 | Zot:5    | Noticed an ancient lich
 66773 | Zot:5    | Noticed a dread lich
 66778 | Zot:5    | Noticed an orb of fire
 66778 | Zot:5    | Noticed an orb of fire
 66778 | Zot:5    | Noticed an ancient lich
 66779 | Zot:5    | Noticed a dread lich
 66779 | Zot:5    | Noticed an orb of fire
 66787 | Zot:5    | Noticed an orb of fire
 66977 | Zot:5    | Killed a dread lich
 66977 | Zot:5    | Noticed a dread lich
 67021 | Zot:5    | Gained mutation: Your flesh is heat resistant. (rF+)
                  | [mutagenic glow]
 67041 | Zot:5    | Gained mutation: Armour fits poorly on your strangely
                  | shaped body. [mutagenic glow]
 67297 | Zot:5    | Killed an orb of fire
 67510 | Zot:5    | Killed an orb of fire
 67790 | Zot:4    | Killed an orb of fire
 67791 | Zot:4    | Reached skill level 15 in Throwing
 67986 | Zot:4    | Killed an orb of fire
 68210 | Zot:5    | Killed an ancient lich
 68229 | Zot:5    | Noticed a dread lich
 68268 | Zot:5    | Killed a dread lich
 68454 | Zot:5    | Killed an orb of fire
 68734 | Zot:5    | Reached skill level 10 in Axes
 68795 | Zot:5    | Killed an ancient lich
 68828 | Zot:5    | Gained mutation: You are clumsy. (Dex -2) [an orb of fire]
 68845 | Zot:5    | Gained mutation: You are weak. (Str -2) [an orb of fire]
 68851 | Zot:5    | Killed an orb of fire
 68889 | Zot:5    | Noticed an ancient lich
 68954 | Zot:5    | Killed a dread lich
 68979 | Zot:5    | Killed an ancient lich
 69467 | Zot:5    | Killed an orb of fire
 69508 | Zot:5    | Killed an orb of fire
 69525 | Zot:5    | Killed a dread lich
 69584 | Zot:5    | Killed an orb of fire
 70563 | Depths:4 | Acquired the ring of Raret {rC++ Will+ Str+3 Dex-3 Stlth+}
 70628 | Depths:3 | Voluntarily entered the Abyss.
 70632 | Abyss:2  | Found a corrupted altar of Lugonu.
 71076 | Abyss:3  | Found a corrupted altar of Lugonu.
 71347 | Abyss:3  | Found a corrupted altar of Lugonu.
 71387 | Abyss:3  | Found a corrupted altar of Lugonu.
 71478 | Depths:3 | Escaped the Abyss
 71582 | Depths:3 | Voluntarily entered the Abyss.
 71868 | Abyss:3  | Found a corrupted altar of Lugonu.
 71887 | Depths:3 | Escaped the Abyss
 71917 | Depths:3 | Voluntarily entered the Abyss.
 71922 | Abyss:3  | Found a corrupted altar of Lugonu.
 71943 | Abyss:3  | Found a corrupted altar of Lugonu.
 71965 | Abyss:3  | Found a corrupted altar of Lugonu.
 71968 | Depths:3 | Escaped the Abyss
 72072 | Depths:3 | Voluntarily entered the Abyss.
 72089 | Depths:3 | Escaped the Abyss
 72091 | Depths:3 | Voluntarily entered the Abyss.
 72122 | Abyss:3  | Found a corrupted altar of Lugonu.
 72122 | Abyss:3  | Found a corrupted altar of Lugonu.
 72122 | Abyss:3  | Found a corrupted altar of Lugonu.
 72129 | Depths:3 | Escaped the Abyss
 72131 | Depths:3 | Voluntarily entered the Abyss.
 72270 | Abyss:3  | Found a corrupted altar of Lugonu.
 72424 | Depths:3 | Escaped the Abyss
 72426 | Depths:3 | Voluntarily entered the Abyss.
 72468 | Abyss:3  | Found a corrupted altar of Lugonu.
 72478 | Abyss:3  | Found a corrupted altar of Lugonu.
 72527 | Abyss:3  | Paralysed by you for 2 turns
 72549 | Abyss:3  | Paralysed by you for 5 turns
 72660 | Abyss:3  | Found a corrupted altar of Lugonu.
 72663 | Depths:3 | Escaped the Abyss
 72665 | Depths:3 | Voluntarily entered the Abyss.
 72684 | Abyss:3  | Found a corrupted altar of Lugonu.
 72925 | Abyss:3  | Found a corrupted altar of Lugonu.
 73011 | Abyss:3  | Noticed a dread lich
 73023 | Abyss:3  | Killed a dread lich
 73029 | Abyss:3  | Paralysed by accursed screaming for 1 turns
 73058 | Abyss:3  | Paralysed by accursed screaming for 2 turns
 73067 | Abyss:3  | Paralysed by accursed screaming for 2 turns
 73357 | Abyss:3  | Got an abyssal rune of Zot
 73378 | Depths:3 | Escaped the Abyss
 73535 | D:15     | Fell from the grace of Zin
 73535 | D:15     | Became a worshipper of the Shining One
 73535 | D:15     | Reached *** piety under the Shining One
 73694 | Crypt:1  | Entered Level 1 of the Crypt
 74267 | Crypt:1  | Reached **** piety under the Shining One
 74610 | Crypt:2  | Reached ***** piety under the Shining One
 75176 | Crypt:2  | Reached ****** piety under the Shining One
 75451 | Crypt:2  | Identified a +7 sacred scourge of holy wrath (a +5 demon
                  | whip blessed by the Shining One)
 75451 | Crypt:2  | Received a gift from the Shining One
 75459 | Crypt:3  | Entered Level 3 of the Crypt
 76229 | Crypt:3  | Noticed Boris
 76238 | Crypt:3  | Killed Boris
 76525 | Crypt:3  | Identified the ring "Riruh" {rN+ rCorr}
 76525 | Crypt:3  | Identified the ring "Queseibb" {rC+ rN+}
 77748 | Crypt:3  | Found a staircase to the Tomb.
 78305 | Hell     | Entered the Vestibule of Hell
 78305 | Hell     | Noticed Geryon
 78348 | Hell     | Killed Geryon
 78626 | Hell     | Found a gateway to the ashen valley of Gehenna.
 78676 | Hell     | Found a gateway to the Iron City of Dis.
 78778 | Hell     | Found a gateway to the freezing wastes of Cocytus.
 78798 | Hell     | Paralysed by a wendigo for 1 turns
 79002 | Hell     | Found a gateway to the decaying netherworld of Tartarus.
 79157 | Pan      | Entered Pandemonium
 79399 | Pan      | Noticed Tybuag the pandemonium lord
 79414 | Pan      | Killed Tybuag the pandemonium lord
 79450 | Pan      | Gained mutation: You are dopey. (Int -2) [a neqoxec]
 79564 | Pan      | Entered the realm of Gloorx Vloq.
 80649 | Pan      | Noticed Gloorx Vloq
 80659 | Pan      | Killed Gloorx Vloq
 80738 | Pan      | Got a dark rune of Zot
 81061 | Pan      | Identified the +1 scale mail of Beogh's Benevolence {Str+3
                  | Dex+5}
 81111 | Pan      | Noticed Bisor the pandemonium lord
 81130 | Pan      | Killed Bisor the pandemonium lord
 81148 | Pan      | Gained mutation: Your spells are a little easier to cast,
                  | but a little less powerful. [a cacodemon]
 81363 | Pan      | Got a demonic rune of Zot
 81410 | Pan      | Noticed Eschexti the pandemonium lord
 81425 | Pan      | Killed Eschexti the pandemonium lord
 81528 | Pan      | Entered the realm of Lom Lobon.
 81677 | Pan      | Noticed Lom Lobon
 81706 | Pan      | Killed Lom Lobon
 81833 | Pan      | Got a magical rune of Zot
 82750 | Pan      | Found an exit through the horrors of the Abyss.
 82880 | Pan      | Found an exit through the horrors of the Abyss.
 83138 | Pan      | Gained mutation: You sometimes lose your temper in combat.
                  | [a neqoxec]
 83198 | Pan      | Found an exit through the horrors of the Abyss.
 83248 | Pan      | Noticed Logecug the pandemonium lord
 83336 | Pan      | Killed Logecug the pandemonium lord
 83514 | Pan      | Found an exit through the horrors of the Abyss.
 83520 | Pan      | Entered the realm of Mnoleg.
 83521 | Pan      | Noticed Mnoleg
 83522 | Pan      | Gained mutation: You occasionally shout uncontrollably at
                  | your foes. [a neqoxec]
 83553 | Pan      | Gained mutation: You are very dopey. (Int -4) [a cacodemon]
 83587 | Pan      | Gained mutation: You have a pair of small antennae on your
                  | head. [a neqoxec]
 83617 | Pan      | Gained mutation: Your body sometimes deteriorates upon
                  | taking damage. [a neqoxec]
 83643 | Pan      | Gained mutation: Your body often deteriorates upon taking
                  | damage. [a neqoxec]
 83653 | Pan      | Gained mutation: You have large cloven feet. [a cacodemon]
 83677 | Pan      | Lost mutation: Armour fits poorly on your strangely shaped
                  | body. [potion of mutation]
 83677 | Pan      | Lost mutation: You are very dopey. (Int -4) [potion of
                  | mutation]
 83677 | Pan      | Lost mutation: You are dopey. (Int -2) [potion of mutation]
 83677 | Pan      | Gained mutation: You are somewhat resistant to further
                  | mutation. [potion of mutation]
 83678 | Pan      | Lost mutation: You have large cloven feet. [potion of
                  | mutation]
 83678 | Pan      | Lost mutation: Your body often deteriorates upon taking
                  | damage. [potion of mutation]
 83678 | Pan      | Lost mutation: You are clumsy. (Dex -2) [potion of
                  | mutation]
 83678 | Pan      | Lost mutation: You are somewhat resistant to further
                  | mutation. [potion of mutation]
 83679 | Pan      | Lost mutation: You are weak. (Str -2) [potion of mutation]
 83679 | Pan      | Lost mutation: Your body sometimes deteriorates upon taking
                  | damage. [potion of mutation]
 83680 | Pan      | Lost mutation: Your flesh is heat resistant. (rF+) [potion
                  | of mutation]
 83680 | Pan      | Lost mutation: You occasionally shout uncontrollably at
                  | your foes. [potion of mutation]
 83680 | Pan      | Gained mutation: Your magical capacity is low. (-10% MP)
                  | [potion of mutation]
 83681 | Pan      | Lost mutation: You sometimes lose your temper in combat.
                  | [potion of mutation]
 83681 | Pan      | Lost mutation: Your spells are a little easier to cast, but
                  | a little less powerful. [potion of mutation]
 83681 | Pan      | Lost mutation: You have a pair of small antennae on your
                  | head. [potion of mutation]
 83681 | Pan      | Gained mutation: You have a pair of small horns on your
                  | head. [potion of mutation]
 83870 | Pan      | Gained mutation: You are weak. (Str -2) [Mnoleg's mutagenic
                  | touch]
 83879 | Pan      | Killed Mnoleg
 83917 | Pan      | Got a glowing rune of Zot
 84145 | Pan      | Gained mutation: Armour fits poorly on your strangely
                  | shaped body. [a shining eye]
 84150 | Pan      | Gained mutation: You are vulnerable to cold. (rC-) [a
                  | shining eye]
 84196 | Pan      | Gained mutation: You are agile. (Dex +4, Str/Int -1) [a
                  | neqoxec]
 84197 | Pan      | Found an exit through the horrors of the Abyss.
 84263 | Pan      | Lost mutation: Armour fits poorly on your strangely shaped
                  | body. [potion of mutation]
 84263 | Pan      | Lost mutation: You are agile. (Dex +4, Str/Int -1) [potion
                  | of mutation]
 84263 | Pan      | Gained mutation: You occasionally shout uncontrollably at
                  | your foes. [potion of mutation]
 84264 | Pan      | Lost mutation: You are vulnerable to cold. (rC-) [potion of
                  | mutation]
 84264 | Pan      | Lost mutation: You occasionally shout uncontrollably at
                  | your foes. [potion of mutation]
 84264 | Pan      | Lost mutation: You have a pair of small horns on your head.
                  | [potion of mutation]
 84264 | Pan      | Lost mutation: You are weak. (Str -2) [potion of mutation]
 84264 | Pan      | Gained mutation: You are partially covered in iridescent
                  | scales. (AC +2) [potion of mutation]
 84264 | Pan      | Gained mutation: You have sharp fingernails. [potion of
                  | mutation]
 84264 | Pan      | Gained mutation: You have large cloven feet. [potion of
                  | mutation]
 84301 | Pan      | Gained mutation: You are vulnerable to heat. (rF-) [a
                  | cacodemon]
 84305 | Pan      | Noticed Voamobum the pandemonium lord
 84321 | Pan      | Killed Voamobum the pandemonium lord
 84394 | Pan      | Found a runed translucent door.
 84394 | Pan      | Found a runed translucent door.
 84396 | Pan      | Found a runed translucent door.
 84404 | Pan      | Noticed Xefi the pandemonium lord
 84423 | Pan      | Killed Xefi the pandemonium lord
 84465 | Pan      | Found a runed translucent door.
 84549 | Pan      | Lost mutation: Your magical capacity is low. (-10% MP) [a
                  | cacodemon]
 84554 | Pan      | Gained mutation: Your magical capacity is low. (-10% MP) [a
                  | cacodemon]
 84582 | Pan      | Entered the realm of Cerebov.
 84597 | Pan      | Lost mutation: You are vulnerable to heat. (rF-) [potion of
                  | mutation]
 84597 | Pan      | Lost mutation: You have sharp fingernails. [potion of
                  | mutation]
 84597 | Pan      | Gained mutation: You occasionally lose the ability to read
                  | scrolls when taking damage. [potion of mutation]
 84597 | Pan      | Gained mutation: Your muscles are strong. (Str +4, Int/Dex
                  | -1) [potion of mutation]
 84639 | Pan      | Found an exit through the horrors of the Abyss.
 84790 | Pan      | Found the +6 sword of Cerebov {flame}
 84790 | Pan      | Noticed Cerebov
 85297 | Pan      | Killed Cerebov
 85450 | Pan      | Got the Codex of Trauma
 85738 | Pan      | Got a fiery rune of Zot
 85842 | Pan      | Took an exit into the Abyss.
 85842 | Abyss:3  | Escaped into the Abyss
 85843 | Abyss:3  | Found a corrupted altar of Lugonu.
 85970 | Depths:2 | Escaped the Abyss
 86091 | Coc:1    | Entered Level 1 of Cocytus
 86183 | Coc:2    | Paralysed by a wendigo for 1 turns
 86777 | Coc:6    | Paralysed by a wendigo for 1 turns
 88053 | Coc:6    | Lost dexterity.
 88571 | Tomb:1   | Entered Level 1 of the Tomb of the Ancients
 89694 | Tomb:1   | Noticed a royal mummy
 89711 | Tomb:1   | Killed a royal mummy
 89795 | Tomb:1   | Noticed a royal mummy
 89837 | Tomb:1   | Killed a royal mummy
 89897 | Tomb:1   | Identified the +7 quarterstaff of Untimely Demise {protect,
                  | *Noise rF+ Str+6 SInv}
 90850 | Coc:7    | Entered Level 7 of Cocytus
 90850 | Coc:7    | Noticed a dread lich
 90859 | Coc:7    | Killed a dread lich
 91481 | Coc:7    | Paralysed by a wendigo for 1 turns
 91547 | Coc:7    | Paralysed by a wendigo for 1 turns
 91596 | Coc:7    | Paralysed by a wendigo for 1 turns
 91742 | Coc:7    | Paralysed by a wendigo for 1 turns
 91757 | Coc:7    | Found the +10 tower shield of Ignorance {rN+ Int-4}
 92207 | Coc:7    | Noticed Antaeus
 92252 | Coc:7    | Killed Antaeus
 92331 | Coc:7    | Got an icy rune of Zot
 92395 | Tar:1    | Entered Level 1 of Tartarus
 92989 | Tar:7    | Entered Level 7 of Tartarus
 93489 | Tar:7    | Noticed the Serpent of Hell
 93512 | Tar:7    | Killed the Serpent of Hell
 93622 | Tar:7    | Noticed Ereshkigal
 93637 | Tar:7    | Killed Ereshkigal
 93670 | Tar:7    | Identified the +4 quarterstaff "Juskeboqu" {heavy, Drain
                  | +Blink Int+5 Stlth+}
 93671 | Tar:7    | Identified the staff of death "Eproicw" {Fragile rN+ rCorr
                  | Str+3 Dex+4}
 93673 | Tar:7    | Identified the +5 leather armour of the Tarantula {Contam
                  | Harm +Blink}
 93675 | Tar:7    | Got a bone rune of Zot
 93895 | Geh:1    | Entered Level 1 of Gehenna
 94664 | Geh:7    | Entered Level 7 of Gehenna
 94958 | Geh:7    | Identified the +0 ring mail of the Lair of Beasts {+Blink
                  | rC- Slay+5}
 95661 | Geh:7    | Got the Directory of Energetic Shapes
 96007 | Geh:7    | Found the +13 sceptre of Asmodeus
 96007 | Geh:7    | Noticed Asmodeus
 96043 | Geh:7    | Killed Asmodeus
 96153 | Geh:7    | Got an obsidian rune of Zot
 96250 | Hell     | Upgraded the game from 0.30.1-5-ged363bc7ee to
                  | 0.30.1-6-gbe392663c4
 96252 | Hell     | Lost mutation: You are partially covered in iridescent
                  | scales. (AC +2) [potion of mutation]
 96252 | Hell     | Lost mutation: Your muscles are strong. (Str +4, Int/Dex
                  | -1) [potion of mutation]
 96252 | Hell     | Gained mutation: You have hoof-like feet. [potion of
                  | mutation]
 96252 | Hell     | Gained mutation: You are somewhat resistant to further
                  | mutation. [potion of mutation]
 96253 | Hell     | Lost mutation: You are somewhat resistant to further
                  | mutation. [potion of mutation]
 96253 | Hell     | Lost mutation: Your magical capacity is low. (-10% MP)
                  | [potion of mutation]
 96253 | Hell     | Gained mutation: You are vulnerable to heat. (rF-) [potion
                  | of mutation]
 96253 | Hell     | Lost mutation: You are vulnerable to heat. (rF-) [potion of
                  | mutation]
 96253 | Hell     | Gained mutation: You have hooves in place of feet. [potion
                  | of mutation]
 96295 | Dis:1    | Entered Level 1 of the Iron City of Dis
 96372 | Dis:1    | Reached skill level 27 in Armour
 96689 | Dis:2    | Noticed a dread lich
 96697 | Dis:2    | Killed a dread lich
 97440 | Dis:4    | Reached skill level 10 in Dodging
 97625 | Dis:5    | You are sucked into a shaft and drop 1 floor!
 98029 | Dis:7    | Entered Level 7 of the Iron City of Dis
 98914 | Dis:7    | Identified the +9 dagger of the Gnat {spect, Int+5}
 99261 | Dis:7    | Noticed a juggernaut
 99281 | Dis:7    | Killed a juggernaut
 99390 | Dis:7    | Noticed a juggernaut
 99423 | Dis:7    | Killed a juggernaut
 99449 | Dis:7    | Reached skill level 27 in Invocations
 99688 | Dis:7    | Identified the +6 mace of Fate {speed, rN+}
100421 | Dis:7    | Noticed a juggernaut
100444 | Dis:7    | Killed a juggernaut
100586 | Dis:7    | Identified the +10 whip "String" {flame, rElec rN+ Will+
                  | Dex+3}
100586 | Dis:7    | Noticed Dispater
100612 | Dis:7    | Killed Dispater
100701 | Dis:7    | Identified the staff of air "Kezot" {rElec rN+ Int+3 Dex+4
                  | Stlth-}
100704 | Dis:7    | Got an iron rune of Zot
100706 | Dis:7    | Identified the +3 rapier of Dominance {protect, rElec rF-
                  | Str+2 Dex+6}
100710 | Dis:7    | Identified the staff of earth "Bopnic" {rElec rF+ Will++}
101229 | Tomb:2   | Noticed a royal mummy
101229 | Tomb:2   | Noticed a royal mummy
101238 | Tomb:2   | Killed a royal mummy
101239 | Tomb:2   | Killed a royal mummy
101244 | Tomb:2   | Noticed a royal mummy
101249 | Tomb:2   | Noticed a royal mummy
101263 | Tomb:2   | Killed a royal mummy
101277 | Tomb:2   | Killed a royal mummy
101278 | Tomb:2   | Reached skill level 27 in Maces & Flails
101278 | Tomb:2   | Noticed a royal mummy
101287 | Tomb:2   | Killed a royal mummy
101489 | Tomb:2   | Reached skill level 27 in Shields
101645 | Tomb:1   | Noticed a royal mummy
101645 | Tomb:1   | Noticed a royal mummy
101650 | Tomb:1   | Noticed a royal mummy
101654 | Tomb:1   | Noticed a royal mummy
101655 | Tomb:1   | Killed a royal mummy
101661 | Tomb:1   | Noticed a royal mummy
102024 | Depths:4 | Bought a potion of mutation for 120 gold pieces
102024 | Depths:4 | Lost mutation: You occasionally lose the ability to read
                  | scrolls when taking damage. [potion of mutation]
102024 | Depths:4 | Lost mutation: You have hooves in place of feet. [potion of
                  | mutation]
102024 | Depths:4 | Gained mutation: You have a pair of small horns on your
                  | head. [potion of mutation]
102024 | Depths:4 | Gained mutation: You have an increased reservoir of magic.
                  | (+10% MP) [potion of mutation]
102027 | Depths:4 | Bought a potion of might for 60 gold pieces
102581 | Tomb:1   | Noticed a royal mummy
102594 | Tomb:1   | Killed a royal mummy
102600 | Tomb:1   | Killed a royal mummy
102612 | Tomb:1   | Killed a royal mummy
102622 | Tomb:1   | Killed a royal mummy
102623 | Tomb:1   | Noticed a royal mummy
102630 | Tomb:1   | Killed a royal mummy
102633 | Tomb:1   | Killed a royal mummy
102747 | Tomb:1   | Noticed a royal mummy
102775 | Tomb:1   | Killed a royal mummy
102777 | Tomb:1   | Noticed a royal mummy
102785 | Tomb:1   | Killed a royal mummy
102849 | Tomb:1   | Noticed a royal mummy
102866 | Tomb:1   | Killed a royal mummy
102918 | Tomb:1   | Noticed a royal mummy
102929 | Tomb:1   | Noticed a royal mummy
102931 | Tomb:1   | Killed a royal mummy
102938 | Tomb:1   | Killed a royal mummy
103012 | Tomb:1   | Noticed a royal mummy
103019 | Tomb:1   | Killed a royal mummy
103037 | Tomb:1   | Noticed a royal mummy
103044 | Tomb:1   | Noticed a royal mummy
103046 | Tomb:1   | Killed a royal mummy
103046 | Tomb:1   | Noticed a royal mummy
103046 | Tomb:1   | Noticed a royal mummy
103055 | Tomb:1   | Noticed a royal mummy
103055 | Tomb:1   | Noticed a royal mummy
103094 | Tomb:1   | Killed a royal mummy
103094 | Tomb:1   | Killed a royal mummy
103096 | Tomb:1   | Killed a royal mummy
103100 | Tomb:1   | Killed a royal mummy
103150 | Tomb:1   | Killed a royal mummy
104113 | Orc:2    | Bought a potion of haste for 290 gold pieces
104113 | Orc:2    | Bought a scroll of teleportation for 87 gold pieces
104775 | Tomb:3   | Entered Level 3 of the Tomb of the Ancients
104816 | Tomb:3   | Noticed a royal mummy
104818 | Tomb:3   | Noticed a royal mummy
104824 | Tomb:3   | Killed a royal mummy
104941 | Tomb:3   | Noticed a royal mummy
104941 | Tomb:3   | Noticed a royal mummy
104941 | Tomb:3   | Noticed a royal mummy
104943 | Tomb:3   | Noticed a royal mummy
104944 | Tomb:3   | Noticed a royal mummy
104944 | Tomb:3   | Noticed a royal mummy
104945 | Tomb:3   | Noticed a royal mummy
104947 | Tomb:3   | Killed a royal mummy
104947 | Tomb:3   | Killed a royal mummy
105503 | Orc:2    | Bought a scroll of teleportation for 42 gold pieces
105503 | Orc:2    | Bought a scroll of teleportation for 42 gold pieces
106163 | Tomb:3   | Killed a royal mummy
106171 | Tomb:3   | Killed a royal mummy
106189 | Tomb:3   | Killed a royal mummy
106217 | Tomb:3   | Killed a royal mummy
106232 | Tomb:3   | Killed a royal mummy
106236 | Tomb:3   | Killed a royal mummy
106237 | Tomb:3   | Reached skill level 15 in Dodging
106270 | Tomb:3   | Found the +10 morningstar "Eos" {elec, Halo rElec}
106328 | Tomb:3   | Identified the +9 trident of the Shore {pain, *Rage rElec
                  | Str+3}
106335 | Tomb:3   | Identified the +1 scimitar of the Crypt {antimagic, Str+3
                  | Dex+6 SInv}
106359 | Tomb:3   | Identified the staff of death "Ziorocvy" {rN+ Will+}
106392 | Tomb:3   | Found the macabre finger necklace {Finger+ rN+}
106443 | Tomb:3   | Identified the staff of conjuration "Buligran" {rElec
                  | Will+}
106594 | Tomb:3   | Got a golden rune of Zot
107390 | Zot:5    | Got the Orb of Zot
107480 | Zot:3    | Noticed Xauwiow the pandemonium lord
107902 | D:7      | Noticed Plog the pandemonium lord
108006 | D:$      | Escaped with the Orb!

Illustrated notes

Levels and vault maps discovered:
D:1:      amcnicky_arrival_flooded_fountain, layout_basic,
          basic_ecumenical_altar
D:2:      layout_basic
D:3:      layout_loops_ring, grunt_decor_mini_mirrors, minmay_misc_feat_alley,
          chequers_serial_rivers_micro_c, saegor_snake_ambush
D:4:      layout_basic, pf_guarded_unrand_meek
D:5:      layout_loops_ring, nicolae_ashenzari_panopticon,
          biasface_ghost_orc_armoury, eino_curves_03, grunt_ministairs_1
D:6:      layout_rooms, mainiacjoe_overflow_alcove_2, lemuel_doored_altar,
          nicolae_dithmenos_shadow_blocks, due_unseen_surprise
D:7:      layout_basic, yredelemnul_forgotten_temple_becter,
          grunt_temple_overflow_open, temple_fountains,
          chequers_serial_rivers_room_b, kennysheep_dice
D:8:      layout_basic, bloody_trog, nzn_wu_jian_contemplation,
          fiery_altar_vehumet, serial_shops, nicolae_shop_trees
D:9:      layout_rooms, elyvilon_altar_1, orc_david_3,
          ebering_ghost_disaster_area, minmay_diamond_spiral
D:10:     minmay_sliced_demisemicircle, layout_gridville,
          nicolae_uskayaw_dance_hall, kennysheep_mini_moat,
          lightli_temple_of_fire, nicolae_qazlal_general_emergency,
          erik_lair_orcish_takeover, wad_hexagon, uniq_nergalle, uniq_sonja
D:11:     layout_small_grid, uniq_fannar
D:12:     layout_rooms, serial_ice, serial_ice_h, serial_ice_k, serial_ice_e,
          serial_ice_f, serial_ice_c, serial_ice_b, uniq_nessos
D:13:     layout_roguey
D:14:     layout_big_octagon, grunt_vaults_entry_tiered, grunt_decor_junction,
          uniq_snorg, uniq_lodul
D:15:     grunt_enter_depths_giant_problem, layout_rooms, good_gods_temple_1,
          uniq_kirke
Temple:   nicolae_temple_superstar
Lair:1:   layout_roguey, gauntlet_entry_generic, grunt_forest_large_clearings,
          uniq_gastronok
Lair:2:   layout_cave_pods, nicolae_snake_entry_warm_welcome,
          grunt_megastairs_1, serial_bayou_shore_b, infiniplex_staircase_pool
Lair:3:   layout_regular_city, swamp_mist_pool, serial_bayou_shore_b,
          uniq_prince_ribbit2, uniq_urug
Lair:4:   minmay_guarded_unrand_snakebite, layout_loops_ring, minivault_25,
          grunt_megastairs_5
Lair:5:   guppyfry_lair_end_dragon, layout_hall_layers, wormcave, slime_entry_1
Swamp:1:  layout_falls_marsh, nicolae_swamp_fairy_circle, swamp_pool1
Swamp:2:  layout_falls_marsh, evilmike_swamp_ruin_house_5
Swamp:3:  layout_falls_marsh, nicolae_swamp_decorative_isthmus
Swamp:4:  grunt_swamp_rune_castle, layout_basic_swamp, swamp_pool5
Snake:1:  hangedman_cross_veins, layout_onion_interference
Snake:2:  layout_basic, serial_shops, nicolae_shop_dealshenge,
          minmay_shop_grove, uniq_louise
Snake:3:  layout_grid_shapes
Snake:4:  hellmonk_snake_rune_quicksilver_temple, layout_chambers,
          grunt_ministairs_9
Slime:1:  layout_caves
Slime:2:  layout_caves, nicolae_slime_welcoming_committee
Slime:3:  layout_caves
Slime:4:  layout_caves, nicolae_slime_getting_an_eyeful
Slime:5
Orc:1:    layout_caves, uniq_erolcha
Orc:2:    st_orc_ogre_mass, layout_caves, serial_shops, nicolae_shop_waterfront,
          shop, shop, nicolae_shop_bloodbath_and_beyond,
          nicolae_shop_back_alley_shop, mines2_lemuel, uniq_maurice
Elf:1:    minmay_elf_arrival_plus, layout_rooms, serial_shops,
          nicolae_shop_stone, evilmike_minifort, uniq_zenata
Elf:2:    nicolae_elf_blades_crystal_corner, layout_gridlike, serial_shops,
          shop, small_statue_intersection, minivault_25_ag
Elf:3:    elf_hall_gauntlet_narrow, layout_geoelf_grid,
          nicolae_trove_entry_isolated, ebering_ghost_rock_garden
Vaults:1: nicolae_vaults_diagonal_hallway_8, nicolae_vaults_shrinking_rooms_2,
          v_misc_5, nicolae_vaults_house_2, vaults_mumra_chevron,
          hangedman_vaults_restitches, ontoclasm_vaults_ring_large,
          nicolae_vaults_surprise_closet, nicolae_vaults_house_1,
          nicolae_vaults_closet_pinwheel_4, v_misc_2, vaults_room_semicircle,
          layout_vaults_maze
Vaults:2: nicolae_vaults_border_crossing, vaults_room_corners,
          nicolae_vaults_closet_pinwheel_2, minmay_crypt_entry_necro_gods,
          v_pattern_3, nicolae_vaults_hallways_thing,
          nicolae_vaults_trapezoid_3, nicolae_vaults_network_star, kb_rosetta,
          nicolae_vaults_little_squares_5, ontoclasm_vaults_shuriken,
          vaults_room_pools, nicolae_vaults_bisected_exclaves,
          vaults_dpeg_emergency_exit, nicolae_vaults_two_Ls,
          nicolae_vaults_little_squares_2, grunt_vaults_diagonal,
          layout_vaults_omnibox
Vaults:3: nicolae_vaults_tetromino_T_1, v_alt_pattern_5, nicolae_vaults_meiosis,
          nicolae_vaults_sightless_eye, hangedman_vaults_stitches,
          vaults_mumra_lcd, ontoclasm_vaults_gateway,
          nicolae_vaults_closet_pinwheel_4, nicolae_vaults_little_guard_posts,
          nicolae_vaults_rhombus_5, layout_vaults_omnigrid, serial_shops, shop
Vaults:4: vaults_standard_mumra_lines, v_misc_29, v_misc_23, v_pattern_2,
          v_misc_17, nicolae_vaults_prndl, nicolae_vaults_offset_grid_hallway_1,
          nicolae_vaults_ring_of_whatevers, v_rooms_6,
          nicolae_vaults_trapezoid_4, layout_vaults_ring, serial_shops, shop,
          uniq_aizul
Vaults:5
Crypt:1:  layout_rooms, grunt_crypt_arrival_split, grunt_megastairs_3
Crypt:2:  layout_chaotic_city, grunt_ministairs_9, minivault_5
Crypt:3:  due_elkab, layout_chaotic_city, tomb_entry_simple_bobbens,
          fountainhead, grunt_ministairs_9, st_stairs_5, uniq_boris
Tomb:1
Tomb:2
Tomb:3
Depths:1: layout_gridlike, hellmouth_3, minmay_misc_feat_diagonals,
          lemuel_flame_loot_1, minmay_shop_star
Depths:2: minmay_gate_of_8, layout_cave_pools, enter_ziggurat_d, hellmouth_1,
          minmay_crystal_room, pan_entry, serial_bayou_shore_b, uniq_sojobo
Depths:3: kennysheep_ambush_hall, layout_small_grid, pf_hell_entry_tar_spiral,
          abyss_entry, minmay_staircase_windowed_large, uniq_josephina
Depths:4: grunt_zot_entry_tricorne, layout_twisted_cross, serial_shops, shop,
          pf_hell_entry_great_geh, rand_demon_pan_entry_4, drop_trap,
          uniq_mennas, uniq_grunn
Hell
Dis:1:    layout_gridville, nicolae_dis_big_boring_drill
Dis:2:    layout_gridville
Dis:3:    layout_regular_city, nicolae_dis_spooky_hallway
Dis:4:    layout_regular_city
Dis:5:    layout_gridville
Dis:6:    layout_subdivisions
Dis:7:    dis_grunt_layers
Geh:1:    layout_gehenna_pools_basic, nicolae_geh_lavax
Geh:2:    layout_gehenna_lava_caves, nicolae_hells_seeping_fissure
Geh:3:    nicolae_geh_split_lavaduct, layout_gehenna_pools_basic
Geh:4:    layout_gehenna_pools_triple, nicolae_geh_fiery_graves
          [nicolae_geh_single_fiery_grave, nicolae_geh_single_fiery_grave,
          nicolae_geh_single_fiery_grave, nicolae_geh_single_fiery_grave,
          nicolae_geh_single_fiery_grave, nicolae_geh_single_fiery_grave,
          nicolae_geh_single_fiery_grave, nicolae_geh_single_fiery_grave,
          nicolae_geh_single_fiery_grave]
Geh:5:    layout_gehenna_pools_box
Geh:6:    layout_gehenna_pools_box
Geh:7:    geh_hangedman
Coc:1:    layout_ice_bergs
Coc:2:    layout_ice_bergs
Coc:3:    nicolae_hells_giants_party, layout_cocytus_delve
Coc:4:    layout_cocytus_delve
Coc:5:    layout_ice_bergs
Coc:6:    layout_cocytus_water_paths
Coc:7:    coc_dpeg
Tar:1:    layout_honeycomb
Tar:2:    layout_grid_maze
Tar:3:    layout_cathedral_of_symmetry
Tar:4:    layout_catacombs
Tar:5:    layout_honeycomb, nicolae_tar_cuneiform_bird
Tar:6:    layout_cathedral_of_symmetry
Tar:7:    tar_minmay_river
Zot:1:    layout_cathedral_of_symmetry, ebering_ghost_xom,
          st_single_dragon_hoard_4, zot_minivault_1
Zot:2:    lemuel_firehouse, layout_onion_interference, grunt_ministairs_12
Zot:3:    layout_misc_corridors, lemuel_baited_zot_trap
Zot:4:    grunt_twist_and_shout, layout_cathedral_of_symmetry
Zot:5:    layout_basic, grunt_ministairs_3

Skill      XL: |  1  2  3  4  5  6  7  8  9 10 11 12 13 14 15 16 17 18 19 20 21 22 23 24 25 26 27 |
---------------+----------------------------------------------------------------------------------+-----
Invocations    | 1 2 3 4 5 6 7 8 10 11 12 13 14 15 16 17 18 27 | 27.0
Armour         | 1 2 3 4 5 6 7 8 9 10 11 12 13 14 15 16 17 18 19 27 | 27.0
Fighting       | 4 5 6 7 8 10 12 13 15 16 17 18 19 20 21 22 23 24 26 27 | 27.0
Throwing       | 1 2 3 4 5 6 7 8 9 10 11 12 13 14 23 | 23.4
Dodging        | 3 4 5 6 7 8 9 15 | 15.1
Maces & Flails | 4 5 6 7 8 9 10 11 12 13 14 15 16 17 18 19 20 27 | 27.0
Shields        | 2 5 7 9 10 11 12 13 14 15 16 17 18 27 | 27.0
Evocations     | 2 4 6 7 8 9 10 11 14 | 14.4
Axes           | 4 5 8 14 | 14.1

Action                     |  1- 3 |  4- 6 |  7- 9 | 10-12 | 13-15 | 16-18 | 19-21 | 22-24 | 25-27 || total
---------------------------+-------+-------+-------+-------+-------+-------+-------+-------+-------++-------
  Melee: Mace              |   102 |    24 |       |       |       |       |       |       |       ||   126
         Morningstar       |       |    85 |       |   211 |   335 |       |       |       |       ||   631
         Quarterstaff      |       |    10 |   188 |   288 |       |       |       |       |       ||   486
         Whip              |       |       |       |       |   923 |  2533 |  2583 |  1211 |   131 ||  7381
         Eveningstar       |       |       |       |       |       |    68 |   166 |    83 |   225 ||   542
         Broad axe         |       |       |       |       |       |       |       |   741 |  6917 ||  7658
         Sacred scourge    |       |       |       |       |       |       |       |       |  3121 ||  3121
         Kick              |       |       |       |       |       |       |       |       |  1503 ||  1503
         Headbutt          |       |       |       |       |       |       |       |       |   123 ||   123
         Club              |       |       |       |       |       |       |       |       |     5 ||     5
  Throw: Dart              |       |       |     4 |    18 |     9 |       |     3 |     1 |       ||    35
         Boomerang         |       |       |       |     2 |     7 |       |       |     3 |    16 ||    28
         Javelin           |       |       |       |       |       |     4 |    12 |    55 |    48 ||   119
 Invoke: Divine Shield     |       |       |     1 |       |       |       |       |       |    68 ||    69
         Recite            |       |       |       |     8 |    16 |    36 |    64 |    31 |    23 ||   178
         Vitalisation      |       |       |       |     5 |     8 |    16 |     8 |    11 |     7 ||    55
         Sanctuary         |       |       |       |       |       |     3 |     2 |     4 |     4 ||    13
         Imprison          |       |       |       |       |       |     3 |     1 |     1 |     3 ||     8
         Summon Divine War |       |       |       |       |       |       |       |       |    40 ||    40
         Cleansing Flame   |       |       |       |       |       |       |       |       |    35 ||    35
         Brand Weapon With |       |       |       |       |       |       |       |       |     1 ||     1
  Evoke: Wand              |       |       |     1 |     1 |     1 |     9 |       |       |     5 ||    17
         Tin of tremorston |       |       |       |       |       |       |     2 |     2 |     4 ||     8
         Phial of floods   |       |       |       |       |       |       |     1 |     1 |       ||     2
         Lightning rod     |       |       |       |       |       |       |       |     6 |     7 ||    13
         Phantom mirror    |       |       |       |       |       |       |       |       |     1 ||     1
    Use: Scroll            |       |       |    11 |     2 |    12 |     8 |     7 |    15 |    28 ||    83
         Potion            |       |       |       |     9 |       |       |     2 |    11 |    49 ||    71
   Stab: Invisible         |       |       |       |       |     2 |       |    11 |     8 |     1 ||    22
         Paralysed         |       |       |       |       |     4 |     4 |       |     6 |       ||    14
         Confused          |       |       |       |       |     2 |    17 |    45 |    14 |    21 ||    99
 Armour: Robe              |    13 |       |       |       |       |       |       |       |       ||    13
         Ring mail         |    31 |       |       |       |       |       |       |       |       ||    31
         Plate armour      |    15 |    89 |   211 |   592 |   426 |   861 |   866 |   862 |  3337 ||  7259
         Skin              |       |       |       |       |       |       |       |       |     5 ||     5
  Dodge: Dodged            |    69 |    37 |    92 |   347 |   380 |   901 |   862 |   612 |  2059 ||  5359
  Block: Other             |       |       |     2 |       |       |       |       |       |       ||     2
         Tower shield      |       |       |       |   206 |   504 |   279 |   348 |  1476 |  9262 || 12075
         Buckler           |       |       |       |       |   143 |   657 |   651 |    45 |       ||  1496
         Reflection        |       |       |       |       |    30 |    56 |    65 |     9 |       ||   160
